 Dungeon Crawl Stone Soup version 0.27-a0-1332-g84bddb5ca7 (webtiles) character file.

Game seed: 11678481561678712934

6 dinky3 the Sneak (level 1, -2/9 HPs)
             Began as a Spriggan Enchanter on June 25, 2021.
             Was an Initiate of Dithmenos.
             Slain by a wyvern skeleton (4 damage)
             ... on level 4 of the Dungeon.
             The game lasted 00:04:20 (439 turns).

dinky3 the Sneak (Spriggan Enchanter)                Turns: 439, Time: 00:04:21

Health: -2/9       AC:  2    Str:  4    XL:     1   Next: 75%
Magic:  5/5        EV: 17    Int: 16    God:    Dithmenos [......]
Gold:   44         SH:  0    Dex: 15    Spells: 4/5 levels left

rFire    . . .     SeeInvis +   a - +1 dagger
rCold    . . .     Faith    .   (shield restricted)
rNeg     . . .     Spirit   .   b - +0 robe
rPois    .         Reflect  .   (helmet restricted)
rElec    .         Harm     .   (no cloak)
rCorr    .         Rampage  .   (gloves unavailable)
Will     .....                  (boots unavailable)
Stlth    +++.......             (no amulet)
HPRegen  0.03/turn              (no ring)
MPRegen  0.09/turn              (no ring)

@: very quick
A: very small, no large weapons, unfitting armour, see invisible, speed 3
a: Renounce Religion


You were on level 4 of the Dungeon.
You worshipped Dithmenos.
Dithmenos was noncommittal.
You visited 2 branches of the dungeon, and saw 5 of its levels.

You collected 44 gold pieces.

Inventory:

Hand Weapons
 a - a +1 dagger (weapon)
Missiles
 e - 13 poisoned darts
Armour
 b - a +0 robe (worn)
Magical Staves
 h - a staff of poison
Scrolls
 d - 3 scrolls of identify
 f - a scroll of noise
Potions
 c - a potion of heal wounds
 g - a potion of curing


   Skills:
 + Level 1.4 Short Blades
 - Level 2.6 Dodging
 + Level 4.6 Stealth
 - Level 2.6 Spellcasting
 + Level 3.8 Hexes


You had 4 spell levels left.
You knew the following spells:

 Your Spells              Type           Power      Damage    Failure   Level
a - Corona                Hex            15%        N/A       4%          1

Your spell library contained the following spells:

 Spells                   Type           Power      Damage    Failure   Level
 Confusing Touch          Hex            14%        N/A       12%         3
 Tukima's Dance           Hex            14%        N/A       12%         3
 Ensorcelled Hibernation  Hex/Ice        16%        N/A       13%         2
 Dazzling Flash           Conj/Hex       16%        N/A       26%         3


Dungeon Overview and Level Annotations

Branches:
Dungeon (4/15)             Temple (1/1) D:4

Altars:
Ashenzari
Cheibriados
Dithmenos
Elyvilon
Fedhas
Gozag
Hepliaklqana
Kikubaaqudgha
Makhleb
Nemelex Xobeh
Okawaru
Qazlal
Ru
Sif Muna
Trog
Vehumet
Wu Jian
Xom
The Shining One


Innate Abilities, Weirdness & Mutations

You are very small and have problems with some larger weapons.
You are too small for most types of armour.
You have supernaturally acute eyesight. (SInv)
You cover ground extremely quickly. (Speed+++)


Message History

The giant cockroach barely resists.
The giant cockroach completely misses you.
You hit the giant cockroach.
The giant cockroach is heavily wounded.
The giant cockroach closely misses you.
You hit the giant cockroach.
You kill the giant cockroach!
You hit the plant.
The plant begins to die.
The plant is lightly damaged.
A nearby plant withers and dies.
You open the door.
Found nine altars.
There is an open door here.
Found three altars.
There is a blossoming altar of Fedhas here.
Found three altars.
There is a burning altar of Makhleb here.
Found three altars.
There is a shadowy altar of Dithmenos here.
You kneel at the altar of Dithmenos.
Unknown command.
Press < or > to pray at altars.
You kneel at the altar of Dithmenos.
Dithmenos welcomes you!
There is a burning altar of Makhleb here.
There is a blossoming altar of Fedhas here.
There is an open door here.
There is a staircase back to the Dungeon here.
Okay, then.
As you read the scroll labelled JEIXU XUMMO, it crumbles to dust.
It is a scroll of identify.
f - a scroll of noise
As you read the scroll of identify, it crumbles to dust.
c - a potion of heal wounds
As you read the scroll of identify, it crumbles to dust.
g - a potion of curing You climb upwards.
Welcome back to the Dungeon!
The wyvern skeleton bites you.
* * * LOW HITPOINT WARNING * * *
The wyvern skeleton bites you.
You die...

####### ## ...... ..#
#...# ..# # .. #.⌠.#
..###.#### ..
#.###...###........##..
#.........$..# .##.#...
#..⌠..@..⌠...##.##.....
#....Z.......#.. #...##
#.###...###..#.###...##
#.⌠.#....#>....K...
#...#..............
.........##.####o...
(....#######.........
.#.#..# ##########
.$... #


You could see a wyvern skeleton.

Vanquished Creatures
  An endoplasm (D:1)
  3 giant cockroaches
  A rat (D:2)
5 creatures vanquished.

Vanquished Creatures (others)
  A plant (Temple)
1 creature vanquished.

Grand Total: 6 creatures vanquished

Notes
Turn   | Place    | Note
-------+----------+-------------------------------------------
     0 | D:1      | dinky3 the Spriggan Enchanter began the quest for the Orb.
     0 | D:1      | Reached XP level 1. HP: 9/9 MP: 5/5
   128 | D:2      | Found a radiant altar of Vehumet.
   302 | D:3      | You fall into a shaft and drop 1 floor!
   322 | D:4      | Found a radiant altar of Vehumet.
   350 | D:4      | Found a staircase to the Ecumenical Temple.
   357 | Temple   | Entered the Ecumenical Temple
   401 | Temple   | Became a worshipper of Dithmenos the Shadowed
   439 | D:4      | Slain by a wyvern skeleton

Illustrated notes

Levels and vault maps discovered:
D:1:      dpeg_arrival_rooms_c, layout_loops_ring,
          chequers_ecumenical_altar_simple_redux, minmay_pentomino_w4
D:2:      layout_basic, basic_altar, minmay_misc_feat_doors,
          hangedman_glass_teeth
D:3:      minmay_goblin_kobold_castle, layout_loops_ring, uniq_ijyb,
          uniq_jessica, uniq_natasha
D:4:      layout_loops_cross, general_overflow_altar,
          minmay_temple_entry_junction_2, uniq_crazy_yiuf_cottage
Temple:   kilobyte_greek_temple

Action                   || total
-------------------------++-------
Melee: Dagger            ||    22
 Cast: Corona            ||     2
  Use: Scroll            ||     3
 Stab: Sleeping          ||     3
Armor: Robe              ||     1
Dodge: Dodged            ||    23

Table legend: (Time is in decaauts)
 A = Elapsed time spent in this place.
 B = Non-inter-level travel time spent in this place.
 C = Inter-level travel time spent in this place.
 D = Time resting spent in this place.
 E = Time spent auto-exploring this place.
 F = Levels seen in this place.
 G = Mean time per level.
                   A        B        C        D        E       F      G
               +--------+--------+--------+--------+--------+-----+--------+
         Total |    283 |    283 |      0 |      0 |      0 |   5 |   56.6 |
       Dungeon |    229 |    229 |      0 |      0 |      0 |   4 |   57.2 |
        Temple |     54 |     54 |      0 |      0 |      0 |   1 |   54.0 |
               +--------+--------+--------+--------+--------+-----+--------+

Top non-repeatable levels by time:
     D:2: 163 daAuts
  Temple: 54 daAuts
     D:4: 34 daAuts
     D:1: 26 daAuts
     D:3: 3 daAuts
